[Event "45th FIDE Womens Olympiad 2024"]
[Site "Budapest"]
[Date "2024.09.13"]
[Round "3.240"]
[White "Hephzibah Awura-Ama Manubea Ta"]
[Black "Carrillo Marval, Maria Angelica"]
[Result "0-1"]
[ECO "D04"]
[WhiteElo "1516"]
[BlackElo "1795"]
[Annotator "NA"]
[PlyCount "84"]
[EventDate "2024.09.05"]
[EventType "team-tourn"]
[EventCountry "HUN"]
[SourceTitle "playchess.com"]
[Source "ChessBase"]
[SourceQuality "1"]
[WhiteTeam "Ghana"]
[BlackTeam "Panama"]
[WhiteTeamCountry "GHA"]
[BlackTeamCountry "PAN"]
[TimeControl "40/5400+30:1800+30"]

1. d4 Nf6 2. e3 g6 3. Nf3 Bg7 4. Be2 d5 5. O-O O-O 6. b3 c5 7. dxc5 Ne4 8. Nd4 Nxc5 9. Nd2 e5 10. Nb5 a6 11. Nc3 d4 12. Nce4 dxe3 13. fxe3 Nxe4 14. Nxe4 Qb6 15. Qd6 Nc6 16. Qc5 Qxc5 17. Nxc5 e4 18. Rb1 Re8 19. Bb2 Bf8 20. Bc4 Nd8 21. Rbd1 Bxc5 22. Bd4 Bxd4 23. exd4 Bg4 24. Rde1 Bf5 25. c3 Rc8 26. Rc1 b5 27. Be2 Nb7 28. h3 Nd6 29. c4 bxc4 30. bxc4 Red8 31. Rfd1 Bd7 32. c5 Bb5 33. Bxb5 Nxb5 34. d5 f5 35. Kf2 Kf7 36. Ke3 Kf6 37. c6 Ke5 38. Rc5 f4+ 39. Ke2 Nd4+ 40. Ke1 Rxd5 41. Rxd5+ Kxd5 42. Rd2 Rxc6 0-1

[Event "45th FIDE Womens Olympiad 2024"]
[Site "Budapest"]
[Date "2024.09.13"]
[Round "3.241"]
[White "Maly Inthavong"]
[Black "Quevedo, Andreina"]
[Result "0-1"]
[ECO "C47"]
[WhiteElo "1633"]
[BlackElo "1851"]
[Annotator "NA RC"]
[PlyCount "53"]
[EventDate "2024.09.05"]
[EventType "team-tourn"]
[EventCountry "HUN"]
[SourceTitle "playchess.com"]
[Source "ChessBase"]
[SourceQuality "1"]
[WhiteTeam "Laos"]
[BlackTeam "Uruguay"]
[WhiteTeamCountry "LAO"]
[BlackTeamCountry "URU"]
[TimeControl "40/5400+30:1800+30"]

1. e4 e5 2. Nf3 Nc6 3. Nc3 Nf6 4. d4 exd4 5. Nxd4 Bb4 6. Bg5 h6 7. Bh4 d6 8. Nxc6 Bxc3+ 9. bxc3 bxc6 10. e5 dxe5 11. Qxd8+ Kxd8 12. Bxf6+ gxf6 13. g3 Ke7 14. Bg2 Bd7 15. O-O Rab8 16. Rfe1 Rb2 17. f4 Rxc2 18. Re3 Rb8 19. fxe5 fxe5 20. Rxe5+ Kf6 21. Re3 Rbb2 22. Be4 Rxh2 23. a4 Rhe2 24. Rf1+ Kg7 25. Rxe2 Rxe2 26. Rf2 Rxe4 27. Rf3 0-1

[Event "45th FIDE Womens Olympiad 2024"]
[Site "Budapest"]
[Date "2024.09.13"]
[Round "3.249"]
[White "Alazmi, Amani"]
[Black "Kovacova, Zuzana"]
[Result "0-1"]
[ECO "C54"]
[WhiteElo "1673"]
[BlackElo "2020"]
[Annotator "NA RC"]
[PlyCount "154"]
[EventDate "2024.09.05"]
[EventType "team-tourn"]
[EventCountry "HUN"]
[SourceTitle "playchess.com"]
[Source "ChessBase"]
[SourceQuality "1"]
[WhiteTeam "Kuwait"]
[BlackTeam "Bermuda"]
[WhiteTeamCountry "KUW"]
[BlackTeamCountry "BER"]
[TimeControl "40/5400+30:1800+30"]

1. e4 e5 2. Nf3 Nc6 3. Bc4 Bc5 4. c3 Nf6 5. d4 exd4 6. cxd4 Bb4+ 7. Nc3 Nxe4 8. O-O Bxc3 9. d5 Bf6 10. Re1 Ne7 11. Rxe4 d6 12. Bg5 Bxg5 13. Nxg5 h6 14. Qe2 hxg5 15. Re1 Be6 16. dxe6 f6 17. Re3 d5 18. Rh3 Rxh3 19. gxh3 g6 20. Bd3 Qd6 21. Bxg6+ Nxg6 22. Qh5 O-O-O 23. Qxg6 Qe7 24. Kg2 Rf8 25. Qf5 Rd8 26. Qg6 b6 27. Qf7 Re8 28. f4 Kd8 29. Qxe7+ Kxe7 30. f5 Rh8 31. Rd1 c6 32. Rd4 Kd6 33. b4 Ke5 34. Rd2 Kxf5 35. e7 Re8 36. Re2 d4 37. Kf1 Kg6 38. Re6 c5 39. bxc5 bxc5 40. Rc6 Rxe7 41. Rxc5 Rb7 42. a4 Rd7 43. Ke1 Rd6 44. Ra5 a6 45. Rc5 Kh5 46. Rc8 d3 47. Kd2 f5 48. Rh8+ Kg6 49. Rg8+ Kf6 50. Rf8+ Ke5 51. Rg8 Kf4 52. Rb8 Rd4 53. Rb3 Rxa4 54. Kxd3 a5 55. Rc3 Rb4 56. Kc2 a4 57. Ra3 Ke5 58. Rg3 Kf6 59. Rc3 Kg6 60. Rc6+ Kh5 61. Rc8 Rb3 62. Rh8+ Kg6 63. Rg8+ Kf6 64. Rf8+ Ke5 65. Re8+ Kf4 66. Rh8 Rf3 67. Ra8 Rxh3 68. Rxa4+ Kf3 69. Ra3+ Kg4 70. Ra4+ f4 71. Kd1 Rxh2 72. Ke1 Kg3 73. Kf1 f3 74. Ke1 Rb2 75. Ra1 Kg2 76. Kd1 f2 77. Kc1 Re2 0-1

[Event "45th FIDE Womens Olympiad 2024"]
[Site "Budapest"]
[Date "2024.09.13"]
[Round "3.251"]
[White "Nema, Rabab"]
[Black "Gontcharova, Olga"]
[Result "1-0"]
[ECO "B07"]
[WhiteElo "1601"]
[BlackElo "1567"]
[Annotator "NA"]
[PlyCount "47"]
[EventDate "2024.09.05"]
[EventType "team-tourn"]
[EventCountry "HUN"]
[SourceTitle "playchess.com"]
[Source "ChessBase"]
[SourceQuality "1"]
[WhiteTeam "Kuwait"]
[BlackTeam "Bermuda"]
[WhiteTeamCountry "KUW"]
[BlackTeamCountry "BER"]
[TimeControl "40/5400+30:1800+30"]

1. d4 d6 2. e4 Nf6 3. Nc3 Nbd7 4. g4 e5 5. g5 exd4 6. Qxd4 c5 7. Qd1 Nxe4 8. Nxe4 Qe7 9. Qe2 Kd8 10. Bf4 d5 11. Nd6 Qxe2+ 12. Bxe2 Bxd6 13. Bxd6 b6 14. O-O-O Bb7 15. Bf3 Re8 16. Bxd5 Bxd5 17. Rxd5 a5 18. Nf3 a4 19. Rhd1 c4 20. Bb4 Re7 21. Bxe7+ Kxe7 22. Rxd7+ Ke8 23. Rb7 Kf8 24. Rdd7 1-0